 Dungeon Crawl Stone Soup version 0.19.5 (webtiles) character file.

454 RaHiT the Magician (level 6, -16/41 HPs)
             Began as a Mummy Conjurer on May 20, 2017.
             Was a Follower of Vehumet.
             Demolished by an ogre
             ... wielding a +0 giant spiked club
              (31 damage)
             ... on level 4 of the Dungeon.
             The game lasted 00:15:41 (4013 turns).

RaHiT the Magician (Mummy Conjurer)                 Turns: 4013, Time: 00:15:41

Health: -16/41     AC:  5    Str: 11    XL:     6   Next: 76%
Magic:  14/24      EV: 12    Int: 16    God:    Vehumet [*.....]
Gold:   151        SH:  0    Dex: 13    Spells: 4 memorised, 6 levels left

rFire  x . .     SeeInvis .     k - +2 dagger (venom)
rCold  + . .     Gourm    .     a - +0 robe
rNeg   + + +     Faith    .     (no shield)
rPois  ∞         Spirit   .     (no helmet)
rElec  .         Reflect  .     (no cloak)
rCorr  .         Harm     .     f - +2 pair of gloves
MR     +....                    (no boots)
Stlth  ++........               (no amulet)
                                m - ring of magical power
                                d - ring of protection from magic

@: very slightly contaminated
A: no food or potions, fire vulnerability, cold resistance 1, negative energy
resistance 3, torment resistance, unbreathing
a: Renounce Religion


You were on level 4 of the Dungeon.
You worshipped Vehumet.
Vehumet was aware of your devotion.
You were not hungry.

You visited 1 branch of the dungeon, and saw 4 of its levels.

You collected 151 gold pieces.

Inventory:

Hand Weapons
 k - a +2 dagger of venom (weapon)
 p - a +1 flail of draining
Missiles
 n - 2 throwing nets (quivered)
Armour
 a - a +0 robe (worn)
 f - a +2 pair of gloves (worn)
 h - a +0 buckler
Jewellery
 d - a ring of protection from magic (left hand)
 m - a ring of magical power (right hand)
Scrolls
 c - 2 scrolls of remove curse
 e - a scroll of noise
 g - a scroll of teleportation
 i - a scroll of fog
 j - a scroll of recharging
 l - 2 scrolls of amnesia
 o - a scroll of blinking {unknown}
Books
 b - a book of Conjurations

   Spells                             Type                      Level
   a - Magic Dart                     Conjuration                  1
   b - Searing Ray                    Conjuration                  2
   c - Dazzling Spray                 Conjuration/Hexes            3
   d - Fulminant Prism                Conjuration/Hexes            4
   e - Iskenderun's Mystic Blast      Conjuration                  4
   f - Iskenderun's Battlesphere      Conjuration/Charms           5


   Skills:
 - Level 1.5 Dodging
 - Level 1.5 Stealth
 + Level 6.8 Spellcasting
 - Level 3.2 Conjurations


You had 6 spell levels left.
You knew the following spells:

 Your Spells              Type           Power        Failure   Level  Hunger
a - Magic Dart            Conj           ###.         4%          1    N/A
b - Iskenderun's Mystic   Conj           ###.....     38%         4    N/A
c - Iskenderun's Battles  Conj/Chrm      ##......     99%         5    N/A
q - Searing Ray           Conj           ###...       8%          2    N/A

Dungeon Overview and Level Annotations

Branches:
Dungeon (4/15)
 Temple: D:4-7

Altars:
Cheibriados
Vehumet


Innate Abilities, Weirdness & Mutations

You do not eat or drink.
Your flesh is vulnerable to fire.
You are immune to poison.
Your flesh is cold resistant. (rC+)
You are immune to negative energy. (rN+++)
You are immune to unholy pain and torment.
You can survive without breathing.


Message History

Your bandages stand on end.
The ogre misses you.
Casting: Searing Ray
Confirm with . or Enter, or press ? or * to list all spells.
Aiming: Searing Ray
Press: ? - help, Shift-Dir - straight line, f/p - ogre
Aim: an ogre, wielding a giant spiked club (moderately wounded)
The searing ray hits the ogre.
The ogre is heavily wounded. (Press . to maintain the ray.)
The ogre hits you with a giant spiked club!!
Ouch! That really hurt!
Okay, then.
The searing ray hits the ogre.
The ogre is heavily wounded.
The ogre barely misses you.
The searing ray hits the ogre.
The ogre is almost dead.
The ogre hits you with a giant spiked club!!
Ouch! That really hurt!
You die...

#...# ##......#
#...# #......#
#...####......#
#...'.#########
#...#.# #...#.####
##^......# ######.
#.......###.......
#.....@O'.'...=...
#.......###.......
#.......# ......#
######### ......#
...#### ##.# .# .#


You could see an ogre.

Vanquished Creatures
  A hound (D:4)
  2 orc priests (D:3)
  2 orc wizards (D:3)
  Jessica (D:2)
  2 worker ants
  The ghost of Klappagos the Caller, a weakling TrSu (D:3)
  4 gnolls (D:3)
  6 adders
  An ooze (D:2)
  5 worms
  4 dart slugs
  5 leopard geckos
  9 orcs
  A ball python (D:1)
  12 bats
  3 giant cockroaches
  10 goblins
  3 hobgoblins
  4 jackals (D:2)
  6 kobolds
  A quokka (D:2)
  6 frilled lizards
  A leopard gecko skeleton (D:4)
  7 rats
97 creatures vanquished.

Notes
Turn   | Place    | Note
-------+----------+-------------------------------------------
     0 | D:1      | RaHiT the Mummy Conjurer began the quest for the Orb.
     0 | D:1      | Reached XP level 1. HP: 13/13 MP: 3/3
   233 | D:1      | Reached XP level 2. HP: 19/19 MP: 0/5
   237 | D:1      | Learned a level 2 spell: Searing Ray
   488 | D:1      | Reached skill level 3 in Spellcasting
   872 | D:1      | Reached XP level 3. HP: 22/24 MP: 2/7
  1181 | D:2      | Noticed Jessica
  1191 | D:2      | Killed Jessica
  1245 | D:2      | Reached skill level 4 in Spellcasting
  1342 | D:2      | Found a faded altar of an unknown god.
  1346 | D:2      | Reached XP level 4. HP: 30/30 MP: 8/10
  2152 | D:2      | Learned a level 4 spell: Iskenderun's Mystic Blast
  2277 | D:3      | Found a radiant altar of Vehumet.
  2285 | D:3      | Became a worshipper of Vehumet
  2295 | D:3      | Reached XP level 5. HP: 28/35 MP: 12/12
  2356 | D:3      | Noticed Klappagos's ghost (weakling TrSu)
  2678 | D:3      | Killed Klappagos's ghost
  2678 | D:3      | Reached skill level 5 in Spellcasting
  3233 | D:3      | Learned a level 5 spell: Iskenderun's Battlesphere
  3233 | D:3      | Found a snail-covered altar of Cheibriados.
  3262 | D:3      | Reached XP level 6. HP: 36/41 MP: 8/14
  3268 | D:3      | Reached skill level 6 in Spellcasting
  3364 | D:3      | Reached * piety under Vehumet
  3364 | D:3      | Offered knowledge of Flame Tongue by Vehumet.
  4013 | D:4      | Demolished by an ogre

Skill      XL: |  1  2  3  4  5  6 |
---------------+-------------------+-----
Spellcasting   | 3 4 5 6 |  6.8
Dodging        | |  1.5
Stealth        | |  1.5
Conjurations   | |  3.2

Action                   |  1- 3 |  4- 6 || total
-------------------------+-------+-------++-------
Melee: Unarmed           |    12 |       ||    12
       Dagger            |    20 |    64 ||    84
Throw: Throwing net      |       |     2 ||     2
 Cast: Magic Dart        |    45 |    48 ||    93
       Searing Ray       |     4 |    34 ||    38
  Use: Scroll            |     1 |     7 ||     8
 Stab: Sleeping          |     1 |     1 ||     2
Armor: Robe              |     7 |    42 ||    49
Dodge: Dodged            |    26 |   103 ||   129
